 Dungeon Sprint DCSS version 0.32-a0-928-g1cae6b7ea0 (webtiles) character file.

Game seed: 13908524005638806125

106 Griffin23 the Carver (level 4, 0/44 (47) HPs)
             Began as a Minotaur Berserker on Apr 12, 2024.
             Was a Follower of Trog.
             Slain by a hornet (13 damage)
             ... while paralysed by a hornet
             ... in the Dungeon (Sprint VII: "The Pits").
             The game lasted 00:00:20 (27 turns).

Griffin23 the Carver (Minotaur Berserker)             Turns: 27, Time: 00:00:21

HP:   0/44 (47)     AC:  2    Str: 24    XL:     4   Next: 55%
MP:   3/3           EV:  2    Int:  4    God:    Trog [*.....]
Gold: 0             SH:  0    Dex:  9    Spells: 3/3 levels left

rFire   . . .        a - +0 falchion
rCold   . . .        (no shield)
rNeg    . . .        b - +0 animal skin
rPois   .            (helmet restricted)
rElec   .            (no cloak)
rCorr   .            (no gloves)
SInv    .            (no boots)
Will    .....        (no amulet)
Stlth   +            (no ring)
HPRegen 0.27/turn    (no ring)
MPRegen 0.08/turn

%: no teleportation
@: paralysed, lethally poisoned (0 -> -15), on berserk cooldown, slowed, drained
A: horns 2, retaliatory headbutt
a: Renounce Religion, Berserk


You were in the Dungeon.
You worshipped Trog.
Trog was aware of your devotion.
You visited 1 branch

Inventory:

Hand Weapons
 a - a +0 falchion (weapon)
Armour
 b - a +0 animal skin (worn)
Scrolls
 h - a scroll of blinking
Potions
 c - a potion of curing
 d - a potion of heal wounds
 e - a potion of haste
 f - 2 potions of magic
 g - a potion of berserk rage


   Skills:
 + Level 7.3 Fighting
 * Level 8.0 Long Blades
 + Level 4.9 Armour
 - Level 3.3 Dodging


You had 3 spell levels left.
You didn't know any spells.
Your spell library was empty.

Dungeon Overview and Level Annotations

Branches:
Dungeon (1/1)

Altars:


Innate Abilities, Weirdness & Mutations

You have a pair of horns on your head.
You reflexively headbutt those who attack you in melee.


Message History

You have reached level 3!
Your experience leads to an increase in your attributes!
Increase (S)trength, (I)ntelligence, or (D)exterity?
You feel stronger. x2
You closely miss the wight. You closely miss the wight.
The wight closely misses you. You furiously retaliate!
You headbutt the wight!!
You destroy the wight!
Trog accepts your kill.
Your Fighting skill increases to level 7!
Your Long Blades skill gained 2 levels and is now at level 8!
Your Armour skill increases to level 4!
You have reached level 4!
You feel stronger.
A wight comes into view. It is wielding a +0 mace.
There is a huge open gate to the Metal Vault (Medium) here.
Things that are here:
a +0 mace; a +0 robe You feel a strong urge to attack something.
There is a huge open gate to the Metal Vault (Medium) here.
A hornet comes into view.
You are no longer berserk.
You are exhausted.
You feel yourself slow down.
The hornet buzzes angrily.
A small abomination comes into view.
The wight hits you with a +0 mace.
You feel drained.
You barely miss the wight. The wight hits you but does no damage.
The hornet stings you.
You are poisoned.
You suddenly lose the ability to move!
You feel very sick. The hornet stings you!
You are more poisoned.
You feel as though you will be slow longer.
The wight hits you with a +0 mace!
You feel drained.
* * * LOW HITPOINT WARNING * * *
You feel very sick. The hornet stings you!
You die...

#......#..#......#
#................+
+................+
#......#..#......#
#................#
####'#####))######
#.......##''#
#.......##..#
#.......##@.#
#...<...##zy#
#.......##x.#
#.......##..#
#.......##...
##########....
#...# #..##


You could see a hornet, a small abomination and a wight.

Vanquished Creatures
  2 wights (D)
2 creatures vanquished.

Notes
Turn   | Place    | Note
-------+----------+-------------------------------------------
     0 | D        | Griffin23 the Minotaur Berserker began the quest for the
                  | Orb.
     0 | D        | Reached XP level 1. HP: 19/19 MP: 0/0
    11 | D        | Noticed a wight
    11 | D        | Noticed a wight
    18 | D        | Killed a wight
    19 | D        | Reached skill level 6 in Long Blades
    19 | D        | Reached XP level 2. HP: 31/31 MP: 1/1
    19 | D        | Reached XP level 3. HP: 38/38 MP: 2/2
    20 | D        | Killed a wight
    21 | D        | Reached skill level 8 in Long Blades
    21 | D        | Reached XP level 4. HP: 47/47 MP: 3/3
    23 | D        | Noticed a hornet
    24 | D        | Noticed a small abomination
    25 | D        | Paralysed by a hornet for 3 turns
    27 | D        | Slain by a hornet

Illustrated notes

Levels and vault maps discovered:
D:        pitsprint [storerooms_1, entrance_room_1, metal_vault_3, armoury_3,
          mini_pit_1, grid_room_1, main_hall_1, silver_pit, the_coven_1,
          the_vestibule_1, steel_vault_3, golden_pit, hallway_of_sentries,
          crystal_vault_4, iron_vault_4, final_vault]

Skill      XL: |  1  2  3 |
---------------+----------+-----
Fighting       | 6 7 |  7.3
Long Blades    | 6 8 |  8.0
Armour         | 3 4 |  4.9
Dodging        | 3 |  3.3

Action                     |  1- 3 |  4- 6 || total
---------------------------+-------+-------++-------
  Melee: Falchion          |     5 |     1 ||     6
 Invoke: Berserk           |     1 |       ||     1
 Armour: Animal skin       |       |     6 ||     6
  Dodge: Dodged            |     3 |       ||     3

Table legend: (Time is in decaauts)
 A = Elapsed time spent in this place.
 B = Non-inter-level travel time spent in this place.
 C = Inter-level travel time spent in this place.
 D = Time resting spent in this place.
 E = Time spent auto-exploring this place.
 F = Levels seen in this place.
 G = Mean time per level.
                   A        B        C        D        E       F      G
               +--------+--------+--------+--------+--------+-----+--------+
         Total |     25 |     25 |      0 |      0 |     11 |   1 |   25.0 |
       Dungeon |     25 |     25 |      0 |      0 |     11 |   1 |   25.0 |
               +--------+--------+--------+--------+--------+-----+--------+

Top non-repeatable levels by time:
       D: 25 daAuts
